 Dungeon Crawl Stone Soup version 0.31-a0-175-g9f7f995f2b (webtiles) character file.

Game seed: 9918550457081188770

56 qw the Shooter (level 3, -10/32 HPs)
             Began as a Naga Hunter on June 16, 2023.
             Killed by nerve-wracking pain
             ... invoked by Grinder
              (13 damage)
             ... on level 3 of the Dungeon.
             The game lasted 00:00:29 (960 turns).

qw the Shooter (Naga Hunter)                         Turns: 960, Time: 00:00:30

Health: -10/32     AC:  4    Str: 12 (13) XL:     3   Next: 95%
Magic:  3/3        EV:  9    Int:  7 (9)  God:
Gold:   142        SH:  0    Dex: 13 (16) Spells: 2/2 levels left

rFire   . . .        Y - +0 shortbow
rCold   . . .        (shield currently unavailable)
rNeg    . . .        c - +0 leather armour
rPois   +            (no helmet)
rElec   .            (no cloak)
rCorr   .            d - +1 pair of gloves
SInv    +            (no barding)
Will    .....        (no amulet)
Stlth   ++           (no ring)
HPRegen 0.25/turn    (no ring)
MPRegen 0.08/turn

%: no passive effects
@: very slow
A: AC +1, large, see invisible, deformed body, poison resistance, slowness 2,
spit poison 1, naga tail 1
a: Spit Poison


You were on level 3 of the Dungeon.
You visited 1 branch of the dungeon, and saw 3 of its levels.

You collected 142 gold pieces.


Innate Abilities, Weirdness & Mutations

Your serpentine skin is tough. (AC +1)
You have supernaturally acute eyesight. (SInv)
Armour fits poorly on your strangely shaped body.
Your system is resistant to poisons. (rPois)
You cover ground very slowly.
You can spit poison.
You have a snake-like lower body.


   Skills:
 - Level 2.0 Fighting
 + Level 4.9 Ranged Weapons
 - Level 1.5 Dodging
 - Level 1.5 Stealth


You had 2 spell levels left.
You didn't know any spells.
Your spell library was empty.

Inventory:

Hand Weapons
 Y - a +0 shortbow (weapon)
Armour
 c - a +0 leather armour (worn)
 d - a +1 pair of gloves (worn)
Scrolls
 h - a scroll of identify
Potions
 b - a potion of mutation {unknown}
 e - a potion of lignification {unknown}
 g - a potion of ambrosia {unknown}
 j - a potion of berserk rage {unknown}
 l - a potion of brilliance {unknown}

Dungeon Overview and Level Annotations

Branches:
Dungeon (3/15)

Altars:

Annotations:
D:3 Grinder


Message History

Grinder hits you.
You writhe in agony.
You shoot an arrow. The arrow closely misses Grinder.
An orc comes into view. It is wielding a +0 dagger.
Grinder closely misses you.
An orc priest comes into view. It is wielding a +0 dagger.
You shoot an arrow. The orc shouts!
The arrow hits Grinder.
Grinder is lightly wounded.
Grinder closely misses you.
You shoot an arrow. The arrow hits Grinder.
Grinder is moderately wounded.
Grinder hits you.
You shoot an arrow. The arrow barely misses Grinder.
You have got your breath back.
Grinder hits you.
You writhe in agony.
955 ||| INVOKING Spit Poison.
Aiming: Spit Poison (2% risk of failure)
Press: ? - help, Shift-Dir - straight line, f - orc priest, p - Grinder The splash of poison misses the orc priest.
Grinder gestures at you.
You suddenly lose the ability to move!
Grinder blinks!
You can move again.
You shoot an arrow. The arrow closely misses the orc.
The arrow completely misses the orc priest.
The orc hits you with a +0 dagger. Grinder gestures at you.
You resist with significant effort. The orc hits you but does no damage.
You shoot an arrow. The arrow hits the orc priest.
The orc priest is lightly wounded.
The orc priest invokes the aid of Beogh against you.
Pain shoots through your body! The orc hits you with a +0 dagger.
You shoot an arrow. The arrow barely misses the orc priest.
You have got your breath back.
The orc priest invokes the aid of Beogh against you.
Pain shoots through your body! The orc hits you with a +0 dagger.
Grinder gestures at you. Pain shoots through your body!
You die...

..... ....
#... #..5 #...
. #... ..)
#$>.#####.....
#..o@.<...#
#..o####..#
##.# ...# )..
..# .#. (.. ..
.# ## . .# ..


You could see Grinder, an orc priest and an orc.

Vanquished Creatures
  An adder (D:2)
  A worm (D:2)
  An orc (D:3)
  3 ball pythons (D:1)
  5 bats
  6 endoplasms
  4 giant cockroaches (D:1)
  3 goblins (D:1)
  4 hobgoblins
  2 quokkas (D:1)
  A frilled lizard (D:2)
  5 kobolds (D:1)
  2 rats (D:2)
38 creatures vanquished.

Notes
Turn   | Place    | Note
-------+----------+-------------------------------------------
     0 | D:1      | qw the Naga Hunter began the quest for the Orb.
     0 | D:1      | Reached XP level 1. HP: 19/19 MP: 1/1
     0 | D:1      | 0 ||| qw: Version: 0.2-a-29-g511e9b1
     0 | D:1      | 0 ||| qw: Game counter: 5855
     0 | D:1      | 0 ||| qw: Always use a shield: true
     0 | D:1      | 0 ||| qw: God list: Okawaru
     0 | D:1      | 0 ||| qw: Allow faded altars: false
     0 | D:1      | 0 ||| qw: Do Orc after D:15 true
     0 | D:1      | 0 ||| qw: Do second Lair branch before Depths: true
     0 | D:1      | 0 ||| qw: Lair rune preference: random
     0 | D:1      | 0 ||| qw: Plans: Normal
     0 | D:1      | 0 ||| PLANNING D:1-11
    19 | D:1      | 19 ||| INVOKING Spit Poison.
    32 | D:1      | 32 ||| INVOKING Spit Poison.
    37 | D:1      | 37 ||| INVOKING Spit Poison.
    38 | D:1      | Reached skill level 4 in Ranged Weapons
    38 | D:1      | Reached XP level 2. HP: 23/26 MP: 2/2
    70 | D:1      | 70 ||| INVOKING Spit Poison.
   162 | D:1      | 162 ||| INVOKING Spit Poison.
   169 | D:1      | 169 ||| INVOKING Spit Poison.
   170 | D:1      | 170 ||| INVOKING Spit Poison.
   181 | D:1      | 181 ||| INVOKING Spit Poison.
   211 | D:1      | 211 ||| INVOKING Spit Poison.
   230 | D:1      | 230 ||| INVOKING Spit Poison.
   250 | D:1      | 250 ||| INVOKING Spit Poison.
   259 | D:1      | Reached XP level 3. HP: 32/32 MP: 3/3
   321 | D:1      | 321 ||| INVOKING Spit Poison.
   338 | D:1      | 338 ||| INVOKING Spit Poison.
   467 | D:1      | 467 ||| UPGRADING to +0 pair of gloves.
   472 | D:1      | 472 ||| READING scroll labelled PUQAAF AMIWN.
   473 | D:1      | 473 ||| READING scroll labelled AGAYZU MUCAKUU.
   474 | D:1      | 474 ||| READING 2 scrolls labelled PUDIOHODAY.
   475 | D:1      | 475 ||| DRINKING 4 silvery potions.
   476 | D:1      | 476 ||| DROPPING scroll of butterflies.
   477 | D:1      | 477 ||| DROPPING 3 potions of degeneration.
   513 | D:2      | 513 ||| INVOKING Spit Poison.
   549 | D:2      | 549 ||| INVOKING Spit Poison.
   558 | D:2      | 558 ||| INVOKING Spit Poison.
   567 | D:2      | 567 ||| INVOKING Spit Poison.
   579 | D:2      | 579 ||| INVOKING Spit Poison.
   596 | D:2      | 596 ||| INVOKING Spit Poison.
   644 | D:2      | 644 ||| INVOKING Spit Poison.
   746 | D:2      | 746 ||| INVOKING Spit Poison.
   762 | D:2      | 762 ||| INVOKING Spit Poison.
   866 | D:2      | 866 ||| READING scroll labelled IBUTIA GABOL.
   870 | D:2      | 870 ||| READING scroll labelled JIDWARO SAGEI.
   930 | D:2      | 930 ||| READING 2 scrolls labelled HAIDEM DECANOA.
   931 | D:2      | 931 ||| READING scroll of enchant armour.
   931 | D:2      | 931 ||| ENCHANTING +0 pair of gloves.
   932 | D:2      | 932 ||| DRINKING 3 metallic red potions.
   936 | D:3      | Found the +7 staff of the Meek {protect, meekguard}
   938 | D:3      | Noticed Grinder
   944 | D:3      | Paralysed by Grinder for 3 turns
   945 | D:3      | HP: 7/32 [Grinder (5)]
   946 | D:3      | HP: 3/32 [Grinder (4)]
   946 | D:3      | HP: 1/32 [Grinder (2)]
   947 | D:3      | 947 ||| DRINKING 2 potions of heal wounds.
   949 | D:3      | 949 ||| INVOKING Spit Poison.
   950 | D:3      | 950 ||| DRINKING potion of heal wounds.
   955 | D:3      | 955 ||| INVOKING Spit Poison.
   955 | D:3      | Paralysed by Grinder for 3 turns
   959 | D:3      | HP: 7/32 [orc/+0 dagger (3)]
   960 | D:3      | HP: 3/32 [orc/+0 dagger (2)]
   960 | D:3      | Killed from afar by Grinder

Levels and vault maps discovered:
D:1:      minmay_arrival_up_and_down, layout_basic, minmay_split_cup_small
D:2:      layout_rooms
D:3:      layout_loops_cross, serial_shops, shop, gammafunk_ghost_mausoleum,
          minmay_misc_feat_pillars, minmay_surrounded, uniq_grinder

Skill      XL: |  1 |
---------------+----+-----
Ranged Weapons | 4 |  4.9
Fighting       | |  2.0
Dodging        | |  1.5
Stealth        | |  1.5

Action                     || total
---------------------------++-------
   Fire: Shortbow          ||    73
Ability: Spit Poison       ||    23
    Use: Scroll            ||     7
         Potion            ||     4
 Armour: Leather armour    ||    10
  Dodge: Dodged            ||    10

Table legend:
 A = Non-vault XP
 B = Vault XP
 C = Vault XP percentage of total XP
 D = Non-vault monster count
 E = Vault monster count
 F = Vault count percentage of total count
                 A         B        C        D         E       F
            +---------+---------+-------+---------+---------+-------
      Total |      74 |       6 |   7.5 |      35 |       3 |   7.9
            +---------+---------+-------+---------+---------+-------
        D:1 |      35 |       6 |  14.6 |      21 |       3 |  12.5
        D:2 |      36 |       0 |   0.0 |      13 |       0 |   0.0
        D:3 |       3 |       0 |   0.0 |       1 |       0 |   0.0
            +---------+---------+-------+---------+---------+-------
